 Dungeon Crawl Stone Soup version 0.30-a0-777-ga9a30cbeda (webtiles) character file.

Game seed: 2324382254541474488

109 mopl the Insei (level 5, 0/37 HPs)
             Began as a Djinni Transmuter on Feb 13, 2023.
             Slain by an orc wizard
             ... wielding a +0 dagger
              (2 damage)
             ... on level 4 of the Dungeon.
             The game lasted 00:03:08 (1505 turns).

mopl the Insei (Djinni Transmuter)                  Turns: 1505, Time: 00:03:08

Health: 0/37       AC:  2    Str: 17    XL:     5   Next: 13%
Gold:   173        EV: 19    Int: 14    God:
                   SH:  0    Dex: 19

rFire   . . .      SeeInvis .      - Unarmed
rCold   . . .      Faith    .    (shield currently unavailable)
rNeg    . . .      Spirit   .    (body armour currently unavailable)
rPois   ∞          Reflect  .    (helmet currently unavailable)
rElec   .          Harm     .    (cloak currently unavailable)
rCorr   .          Rampage  .    (gloves currently unavailable)
Will    .....                    (boots unavailable)
Stlth   +                        (no amulet)
HPRegen 0.26/turn                g - +6 ring of strength
MPRegen 0.00/turn                h - ring of wizardry

@: confused, spider-form, flying
A: venomous fangs, flying, sickness immunity, tiny, (fire resistance 2), (cold
vulnerability 1), float, innate caster, HP casting, extra vitality 1
a: End Transformation


You were on level 4 of the Dungeon.
You were a venomous arachnid creature.
You visited 1 branch of the dungeon, and saw 4 of its levels.

You collected 173 gold pieces.

Inventory:

Hand Weapons
 q - the +5 hand axe "Gucat" {heavy, rCorr Int-4 Dex+5}
   (You found it on level 3 of the Dungeon)

   Int:       It affects your intelligence (-4).
   Dex:       It affects your dexterity (+5).
   rCorr:     It protects you from acid and corrosion.
Armour
 c - a +0 robe of fire resistance (melded)
Jewellery
 g - a +6 ring of strength (left front pincers)
 h - a ring of wizardry (right front pincers)
Scrolls
 d - 3 scrolls of identify {unknown}
 e - 2 scrolls of noise {unknown}
 f - a scroll of torment {unknown}
 i - 2 scrolls of teleportation {unknown}
 l - a scroll of immolation {unknown}
 m - a scroll of magic mapping {unknown}
 n - a scroll of fog {unknown}
 o - 3 scrolls of vulnerability {unknown}
Potions
 a - 3 potions of mutation {unknown}
 b - a potion of lignification {!q}
 j - 2 potions of degeneration {unknown}
 k - a potion of attraction {unknown}
 p - a potion of heal wounds {unknown}


   Skills:
 - Level 1.0 Fighting
 - Level 2.1 Dodging
 * Level 4.7 Unarmed Combat
 + Level 2.4 Spellcasting


You couldn't memorise any spells.
You knew the following spells:

 Your Spells              Type           Power      Damage    Failure   Level
a - Beastly Appendage     Tmut           16%        N/A       9%          1
b - Spider Form           Tmut/Pois      8%         N/A       21%         3
c - Sandblast             Erth           16%        2d6       9%          1
d - Ice Form              Ice/Tmut       8%         N/A       47%         4
e - Blink                 Tloc           16%        N/A       12%         2
w - Wereblood             Tmut           8%         N/A       12%         2
Your spell library was empty.

Dungeon Overview and Level Annotations

Branches:
Dungeon (4/15)
 Temple: D:4-7

Altars:


Innate Abilities, Weirdness & Mutations

You are a venomous arachnid creature.
You have venomous fangs.
You are tiny and dextrous.
You are flying.
Your spellcasting is less reliable in this form.
Your armour is entirely melded.
You are incapable of wielding weapons or throwing items.
You are immune to sickness and miasma.
You are immune to poison.
((Your flesh is very heat resistant. (rF++)))
((You are vulnerable to cold. (rC-)))
You float through the air rather than walking.
You learn spells naturally, not from books.
Your magical power is your life essence.
You have superior vitality. (+4 MHP)


Message History

You bump into the rock wall.
Your transformation has ended.
Your +0 robe of fire resistance unmelds from your body.
You feel resistant to fire.
The orc priest begins to cast a cantrip, but forgets the words!
There is a stone staircase leading down here.
You feel less confused.
You fly downwards.
Reactivating autopickup.
There is a stone staircase leading up here.
Something hits you.
Deactivating autopickup; reactivate with Ctrl-A.
Found a whip.
Something hits you but does no damage. Something hits you.
Casting: Spider Form (dangerous; 11% risk of failure)
Confirm with . or Enter, or press ? or * to list all spells.
You turn into a venomous arachnid creature.
Your +0 robe of fire resistance melds into your body.
You feel less resistant to fire. Something barely misses you.
You closely miss something. Something hits you.
You hit something but do no damage. Something hits you.
You closely miss something.
You hear some strange, mumbled words.
You are confused.
You hit something but do no damage. Something hits you but does no damage.
You miss something. Something hits you.
You miss something.
You hear some strange, mumbled words.
You are more confused.
You bump into the rock wall.
Something hits you.
You hit something but do no damage. Something hits you.
You completely miss something.
You hear some strange, mumbled words.
A puff of flame appears from out of thin air!
The puff of flame hits you!
* * * LOW HITPOINT WARNING * * *
You see here a +0 whip.
You bump into the rock wall.
Something hits you.
You die...

#. .#
#.# ..#
#..##
#.#
#<###.#
##.#.#
##.#
#.# #{#
#s# #.#
#.# #..
###


There were no monsters in sight!

Vanquished Creatures
  An orc wizard (D:3)
  2 adders
  3 worms
  2 dart slugs (D:1)
  An orc (D:3)
  3 bats (D:1)
  4 endoplasms
  A giant cockroach (D:2)
  8 hobgoblins
  5 jackals
  A quokka (D:1)
  5 ball pythons
  A frilled lizard (D:3)
  2 goblins
  6 kobolds
  7 rats
52 creatures vanquished.

Notes
Turn   | Place    | Note
-------+----------+-------------------------------------------
     0 | D:1      | mopl the Djinni Transmuter began the quest for the Orb.
     0 | D:1      | mopl set off with the following spells memorised: Beastly
                  | Appendage, Wereblood, Spider Form, Ice Form.
     0 | D:1      | Reached XP level 1. HP: 17/17 MP: 0/0
   289 | D:1      | Found a faded altar of an unknown god.
   353 | D:1      | Reached XP level 2. HP: 18/22 MP: 0/0
   497 | D:1      | Reached XP level 3. HP: 8/27 MP: 0/0
   497 | D:1      | Learned a level 1 spell: Sandblast
   652 | D:1      | Reached skill level 2 in Spellcasting
   785 | D:1      | Reached skill level 4 in Unarmed Combat
  1052 | D:2      | Reached XP level 4. HP: 30/32 MP: 0/0
  1443 | D:3      | Identified the +5 hand axe "Gucat" {heavy, rCorr Int-4
                  | Dex+5}
  1484 | D:3      | Reached XP level 5. HP: 23/37 MP: 0/0
  1484 | D:3      | Learned a level 2 spell: Blink
  1503 | D:4      | HP: 1/37 [something/puff of flame (12)]
  1505 | D:4      | Slain by an orc wizard

Illustrated notes

Levels and vault maps discovered:
D:1:      sevenhm_arrival_forest_fort_large_2, layout_loops_ring,
          ebering_ecumenical_altar_abandoned
D:2:      layout_rooms, kennysheep_generic_room_5
D:3:      layout_basic, nicolae_overflow_hidden_temple,
          minmay_stone_trees_small, cheibrodos_gnoll_hut
D:4:      layout_loops_ring, yredelemnul_altar_generic, serial_shops, shop,
          uniq_sigmund, uniq_edmund

Skill      XL: |  1  2  3 |
---------------+----------+-----
Spellcasting   | 2 |  2.4
Unarmed Combat | 4 |  4.7
Fighting       | |  1.0
Dodging        | |  2.1

Action                     |  1- 3 |  4- 6 || total
---------------------------+-------+-------++-------
  Melee: Unarmed           |   129 |    54 ||   183
         Headbutt          |    14 |     4 ||    18
         Punch             |       |     2 ||     2
   Cast: Beastly Appendage |    17 |     4 ||    21
         Spider Form       |     1 |     2 ||     3
   Stab: Sleeping          |     2 |       ||     2
 Armour: Robe              |    32 |     4 ||    36
         Skin              |       |     4 ||     4
  Dodge: Dodged            |    79 |    23 ||   102

Table legend: (Time is in decaauts)
 A = Elapsed time spent in this place.
 B = Non-inter-level travel time spent in this place.
 C = Inter-level travel time spent in this place.
 D = Time resting spent in this place.
 E = Time spent auto-exploring this place.
 F = Levels seen in this place.
 G = Mean time per level.
                   A        B        C        D        E       F      G
               +--------+--------+--------+--------+--------+-----+--------+
         Total |   1491 |   1466 |     25 |    160 |    879 |   4 |  372.8 |
       Dungeon |   1491 |   1466 |     25 |    160 |    879 |   4 |  372.8 |
               +--------+--------+--------+--------+--------+-----+--------+

Top non-repeatable levels by time:
     D:1: 937 daAuts
     D:2: 357 daAuts
     D:3: 180 daAuts
     D:4: 15 daAuts
